 Dungeon Crawl Stone Soup version 0.29.0-11-gd7f09526c8 (webtiles) character file.

Game seed: 13487914935787128678

2517 benadryl the Grappler (level 9, -10/88 HPs)
             Began as a Troll Fighter on Sept 5, 2022.
             Was a Follower of Okawaru.
             Mangled by a two-headed ogre
             ... wielding a +0 giant club
              (17 damage)
             ... on level 7 of the Dungeon.
             The game lasted 00:05:13 (5962 turns).

benadryl the Grappler (Troll Fighter)               Turns: 5962, Time: 00:05:13

Health: -10/88     AC:  5    Str: 30    XL:     9   Next: 29%
Magic:  9/9        EV: 12    Int:  4    God:    Okawaru [*.....]
Gold:   381        SH:  8    Dex:  9    Spells: 8/8 levels left

rFire   . . .      SeeInvis .     - Unarmed
rCold   + . .      Faith    .   b - +0 kite shield
rNeg    . . .      Spirit   .   a - +0 robe
rPois   .          Reflect  .   (helmet restricted)
rElec   .          Harm     .   x - +0 cloak
rCorr   .          Rampage  .   (gloves unavailable)
Will    .....                   (boots unavailable)
Stlth   +.........              (no amulet)
HPRegen 1.04/turn               y - +4 ring of evasion
MPRegen 0.11/turn               A - ring of protection from cold

@: no status effects
A: large, unfitting armour, claws 3, regeneration 1, shaggy fur 1, tough skin 1
a: Renounce Religion, Heroism


You were on level 7 of the Dungeon.
You worshipped Okawaru.
Okawaru was aware of your devotion.
You visited 1 branch of the dungeon, and saw 8 of its levels.

You collected 381 gold pieces.

Inventory:

Hand Weapons
 c - a +0 giant club
Missiles
 r - 2 javelins
 t - 4 large rocks (quivered)
 w - 2 throwing nets
Armour
 a - a +0 robe (worn)
 b - a +0 kite shield (worn)
 x - a +0 cloak (worn)
Jewellery
 y - a +4 ring of evasion (left claw)
 A - a ring of protection from cold (right claw)
Scrolls
 e - a scroll of amnesia {unknown}
 f - 2 scrolls of enchant armour {unknown}
 h - 2 scrolls of silence
 k - a scroll of teleportation
 n - a scroll of blinking {unknown}
 q - 2 scrolls of immolation
 s - a scroll of fog {unknown}
 u - a scroll of fear {unknown}
 B - a scroll of vulnerability {unknown}
Potions
 d - a potion of heal wounds
 g - 2 potions of invisibility
 j - 3 potions of attraction
 l - a potion of magic {unknown}
 m - 2 potions of degeneration
 o - a potion of cancellation {unknown}
 p - 2 potions of curing {@q1}
 v - a potion of lignification {unknown}
 z - a potion of mutation {unknown}


   Skills:
 + Level 5.4 Fighting
 - Level 3.1 Throwing
 - Level 2.4 Dodging
 + Level 6.0 Shields
 * Level 8.6 Unarmed Combat
 + Level 2.0 Invocations


You had 8 spell levels left.
You didn't know any spells.
Your spell library contained the following spells:

 Spells                   Type           Power      Damage    Failure   Level
 Freeze                   Ice            0%         1d3       77%         1
 Frozen Ramparts          Ice            0%         1d1       98%         3
 Ignite Poison            Fire/Tmut/Pois 0%         N/A       98%         3
 Mephitic Cloud           Conj/Pois/Air  0%         N/A       98%         3
 Hailstorm                Conj/Ice       0%         3d3       100%        4
 Freezing Cloud           Conj/Ice/Air   0%         6-21      100%        5


Dungeon Overview and Level Annotations

Branches:
Dungeon (8/15)
 Temple: D:4-7         Lair: D:8-11

Altars:
Cheibriados
Dithmenos
Elyvilon
Gozag
Kikubaaqudgha
Nemelex Xobeh
Okawaru
Ru
Uskayaw
Vehumet
Wu Jian
Yredelemnul


Innate Abilities, Weirdness & Mutations

You are too large for most types of armour.
You have claws for hands.
Your natural rate of healing is unusually fast.
You are covered in fur. (AC +1)
You have tough skin. (AC +1)


Message History

Your Shields skill increases to level 6!
Your Invocations skill increases to level 2!
You see here a sky beast corpse.
An orc comes into view. It is wielding a +0 whip.
An orc comes into view. It is wielding a +0 dagger.
An orc comes into view. It is wielding a +0 hand axe.
The orc shouts! x3; You hear two shouts!
An orc comes into view. It is wielding a +0 flail.
A centaur comes into view. It is quivering poisoned darts.
A two-headed ogre comes into view.
It is wielding a +0 giant club and a +0 dire flail.
The centaur shouts!
The two-headed ogre shouts in stereo!
The centaur wields a +0 shortbow.
The centaur shoots an arrow.
The arrow barely misses you.
You mangle the orc!!
You kill the orc!
Okawaru accepts your kill.
The centaur shoots an arrow.
The arrow hits you!
You mangle the two-headed ogre!!
The two-headed ogre is heavily wounded.
The two-headed ogre completely misses you.
The two-headed ogre hits you with a +0 dire flail!
The orc closely misses you.
You scratch the two-headed ogre.
The two-headed ogre is heavily wounded.
An orc comes into view. It is wielding a +0 club.
The orc throws a boomerang.
The boomerang barely misses you.
You completely miss the two-headed ogre.
The two-headed ogre is heavily wounded.
The orc shouts!
The two-headed ogre hits you with a +0 giant club!!
The two-headed ogre hits you with a +0 dire flail!
You block the orc's attack.
You are too injured to fight recklessly!
You are too injured to fight recklessly!
The orc attacks as you move away! The orc hits you with a +0 dagger.
The two-headed ogre attacks as you move away!
The two-headed ogre hits you with a +0 giant club!!
* * * LOW HITPOINT WARNING * * *
The two-headed ogre hits you with a +0 dire flail!
You die...

#### .o.#
#..##
..o#########
#o#@.......
##)O.#######
#c.o.###
.....##...###
###..
###...#######
## #
###†#.....#
.## #.......#
..#
###.....###
#.#
##........


You could see a two-headed ogre, a centaur and an orc.

Vanquished Creatures
  A two-headed ogre (D:5)
  Sigmund (D:2)
  A wyvern (D:6)
  An acid dragon (D:7)
  A sky beast (D:7)
  A black bear (D:4)
  A centaur (D:6)
  3 ogres
  2 bullfrogs (D:6)
  4 scorpions (D:5)
  A howler monkey (D:6)
  4 hounds
  An orc priest (D:4)
  A gnoll bouda (D:5)
  Jessica (D:2)
  2 iguanas
  Natasha (twice) (D:4)
  3 orc wizards
  A statue (D:6)
  5 gnolls (D:5)
  6 adders
  A shadow imp (D:6)
  An ufetubus (D:5)
  A worm (D:5)
  2 dart slugs
  14 orcs
  6 ball pythons
  7 endoplasms
  2 giant cockroaches
  8 goblins
  7 hobgoblins
  7 kobolds
  A quokka (D:5)
  3 bats
  A frilled lizard (D:1)
  5 rats
  A butterfly (D:5)
110 creatures vanquished.

Notes
Turn   | Place    | Note
-------+----------+-------------------------------------------
     0 | D:1      | benadryl the Troll Fighter began the quest for the Orb.
     0 | D:1      | Reached XP level 1. HP: 22/22 MP: 0/0
   122 | D:1      | Reached XP level 2. HP: 22/29 MP: 1/1
   728 | D:2      | Noticed Sigmund
   752 | D:1      | Reached XP level 3. HP: 21/36 MP: 2/2
   975 | D:1      | Reached skill level 3 in Unarmed Combat
  1208 | D:2      | Killed Sigmund
  1209 | D:2      | Reached skill level 4 in Unarmed Combat
  1209 | D:2      | Reached XP level 4. HP: 33/45 MP: 3/3
  1209 | D:2      | Reached XP level 5. HP: 39/53 MP: 4/4
  1281 | D:2      | Noticed Jessica
  1285 | D:2      | Killed Jessica
  1339 | D:2      | Found a white marble altar of Elyvilon.
  1661 | D:3      | Found a faded altar of an unknown god.
  1799 | D:3      | Found a faded altar of an unknown god.
  1869 | D:3      | Found a shadowy altar of Dithmenos.
  2037 | D:3      | Reached XP level 6. HP: 61/61 MP: 5/5
  2274 | D:3      | Found a basalt altar of Yredelemnul.
  2435 | D:3      | Found an ancient bone altar of Kikubaaqudgha.
  2499 | D:4      | Reached skill level 5 in Unarmed Combat
  3043 | D:4      | Noticed Natasha
  3055 | D:4      | Killed Natasha
  3056 | D:4      | Reached XP level 7. HP: 60/68 MP: 6/6
  3080 | D:4      | Noticed Natasha
  3086 | D:4      | Killed Natasha
  3207 | D:5      | Entered Level 5 of the Dungeon
  3254 | D:5      | Found an opulent altar of Gozag.
  3254 | D:5      | Found a snail-covered altar of Cheibriados.
  3319 | D:5      | Found an ornate altar of the Wu Jian Council.
  3376 | D:5      | Reached skill level 1 in Throwing
  3376 | D:5      | Reached skill level 6 in Unarmed Combat
  3565 | D:5      | Found a white marble altar of Elyvilon.
  3616 | D:5      | Found an iron altar of Okawaru.
  3848 | D:5      | Reached XP level 8. HP: 59/79 MP: 7/7
  4077 | D:5      | Noticed a two-headed ogre
  4083 | D:5      | Killed a two-headed ogre
  4084 | D:5      | Reached skill level 5 in Fighting
  4084 | D:5      | Reached skill level 5 in Shields
  4084 | D:5      | Reached skill level 7 in Unarmed Combat
  4712 | D:5      | Became a worshipper of Warmaster Okawaru
  4787 | D:6      | Found a radiant altar of Vehumet.
  5136 | D:6      | Found a sacrificial altar of Ru.
  5202 | D:6      | Reached skill level 8 in Unarmed Combat
  5251 | D:6      | Reached skill level 1 in Invocations
  5251 | D:6      | Reached XP level 9. HP: 88/88 MP: 8/8
  5539 | D:6      | Found a hide-covered altar of Uskayaw.
  5600 | D:7      | Reached * piety under Okawaru
  5615 | D:7      | Found a sparkling altar of Nemelex Xobeh.
  5956 | D:7      | Noticed a two-headed ogre
  5962 | D:7      | Mangled by a two-headed ogre

Illustrated notes

Levels and vault maps discovered:
D:1:      psy_arrival_whirlpool, layout_basic
D:2:      layout_rooms, basic_altar, chequers_serial_rivers_micro_a,
          uniq_sigmund, uniq_jessica
D:3:      layout_loops_corners, mainiacjoe_overflow_alcove_1,
          nicolae_overflow_ecumenical_swirl, mainiacjoe_overflow_catwalk,
          shapermc_ecumenical_altar_totnotflames
D:4:      layout_loops_ring, uniq_natasha
D:5:      layout_basic, kennysheep_little_box,
          mainiacjoe_overflow_catwalk_spiral,
          chequers_temple_overflow_statue_of_worship, chequers_decorated_corner,
          hangedman_glass_garden, chequers_serial_rivers_micro_e,
          grunt_ministairs_1
D:6:      layout_loops_corners, nicolae_uskayaw_suspiria,
          mainiacjoe_overflow_paths, vehumet_statue,
          minmay_temple_entry_from_below_a
D:7:      layout_rooms, trog_wizard, nemelex_diamond_rough_becter,
          gammafunk_ghost_berserking_beasts, grunt_decor_fettered
D:8:      layout_loops_corners, amcnicky_altar_gilded,
          nicolae_qazlal_general_emergency, minmay_lizard_king, uniq_pikel

Skill      XL: |  1  2  3  4  5  6  7  8  9 |
---------------+----------------------------+-----
Shields        | 3 4 5 6 |  6.0
Unarmed Combat | 4 5 6 8 |  8.6
Fighting       | 3 4 5 |  5.4
Throwing       | 2 3 |  3.1
Invocations    | 1 2 |  2.0
Dodging        | |  2.4

Action                   |  1- 3 |  4- 6 |  7- 9 || total
-------------------------+-------+-------+-------++-------
Melee: Unarmed           |    54 |   111 |   133 ||   298
Throw: Javelin           |       |       |     2 ||     2
Invok: Heroism           |       |       |     1 ||     1
  Use: Potion            |     1 |       |     2 ||     3
       Scroll            |       |       |     7 ||     7
 Stab: Sleeping          |     1 |       |       ||     1
Armor: Robe              |    11 |    25 |    17 ||    53
Dodge: Dodged            |    22 |    28 |    53 ||   103
Block: Kite shield       |    22 |    45 |    59 ||   126
